 Dungeon Crawl Stone Soup version 0.30.1-11-g7821555f0a (webtiles) character file.

Game seed: 12360831218566355803

740 TheCrowQ the Cudgeller (level 8, -1/67 HPs)
             Began as a Meteoran Fighter on Jan 8, 2024.
             Slain by a sky beast (6 damage)
             ... on level 6 of the Dungeon.
             The game lasted 00:09:17 (2965 turns).

TheCrowQ the Cudgeller (Meteoran Fighter)           Turns: 2965, Time: 00:09:18

Health: -1/67      AC: 14    Str: 19 (20) XL:     8   Next: 25%
Magic:  9/9        EV: 10    Int:  7 (10) God:
Gold:   310        SH:  5    Dex: 14 (15) Spells: 7/7 levels left

rFire   x . .        m - +4 falchion
rCold   + + .        c - +0 buckler
rNeg    . . .        b - +0 scale mail
rPois   .            (no helmet)
rElec   .            (no cloak)
rCorr   .            h - +2 pair of gloves {infuse}
SInv    .            t - +2 pair of boots
Will    .....        n - amulet of magic regeneration
Stlth   +            j - ring of ice
HPRegen 0.31/turn    o - ring of protection from cold
MPRegen 0.51/turn

%: infuse magic (1 MP)
@: brilliant, weak-willed, attractive, glowing
A: sense surroundings 1, otherworldly, glowing, explore regen, thin skeletal
structure 1
a: no special abilities


You were on level 6 of the Dungeon.
You visited 1 branch of the dungeon, and saw 6 of its levels.

You collected 310 gold pieces.

Inventory:

Hand Weapons
 a - a +0 flail
 m - a +4 falchion (weapon)
Armour
 b - a +0 scale mail (worn)
 c - a +0 buckler (worn)
 h - a +2 pair of gloves of infusion (worn)
 t - a +2 pair of boots (worn)
Jewellery
 j - a ring of ice (left hand)
 n - an amulet of magic regeneration (around neck)
 o - a ring of protection from cold (right hand)
Scrolls
 g - 4 scrolls of fog
 i - 6 scrolls of identify
 k - a scroll of poison
 l - a scroll of enchant weapon {unknown}
 p - 3 scrolls of magic mapping {unknown}
 r - a scroll of blinking {unknown}
 s - 2 scrolls of teleportation {unknown}
 x - a scroll of noise {unknown}
Potions
 d - a potion of might
 e - a potion of curing


   Skills:
 + Level 4.7 Fighting
 + Level 3.1 Long Blades
 + Level 6.3 Maces & Flails
 + Level 5.6 Armour
 + Level 3.1 Dodging
 + Level 0.4 Stealth
 + Level 5.0 Shields


You had 7 spell levels left.
You didn't know any spells.
Your spell library contained the following spells:

 Spells                   Type           Power      Damage    Failure   Level
 Apportation              Tloc           0%         N/A       85%         1
 Alistair's Intoxication  Tmut/Pois      0%         N/A       100%        5
 Borgnjor's Vile Clutch   Necr/Erth      0%         N/A       100%        5
 Summon Forest            Summ/Tloc      0%         N/A       100%        5
 Eringya's Noxious Bog    Tmut/Pois      0%         N/A       100%        6
 Summon Hydra             Summ           0%         N/A       100%        7


Dungeon Overview and Level Annotations

Branches:
Dungeon (6/15) Zot: 563    Temple (0/1) D:4

Altars:
Fedhas
Ru
Uskayaw


Innate Abilities, Weirdness & Mutations

You passively map a small area around you.
You are easily found by Zot.
You glow in the dark.
You regain HP and MP as you explore.
You have a somewhat thin skeletal structure. (Dex +2, Stealth+)


Message History

* * * LOW HITPOINT WARNING * * *
The sky beast shocks you.
* * * LOW HITPOINT WARNING * * *
It was a potion of attraction.
You feel attractive to monsters.
The water moccasin bites you but does no damage.
You block the sky beast's attack.
It was a potion of brilliance.
You feel clever all of a sudden.
The water moccasin bites you but does no damage.
The sky beast barely misses you. The water moccasin barely misses you.
You barely miss the water moccasin.
The water moccasin is almost dead.
The water moccasin barely misses you.
The sky beast hits you but does no damage.
You hit the water moccasin.
You kill the water moccasin!
The sky beast flickers out of sight!
Deactivating autopickup; reactivate with Ctrl-A.
Something hits you but does no damage.
You feel your dexterity returning.
Your Long Blades skill increases to level 3!
Your Shields skill increases to level 5!
You feel better. Something hits you.
* * * LOW HITPOINT WARNING * * *
Something shocks you.
* * * LOW HITPOINT WARNING * * *
You miss something. Something hits you.
* * * LOW HITPOINT WARNING * * *
Something shocks you.
* * * LOW HITPOINT WARNING * * *
As you read the scroll labelled RUES QENYGEHA, it crumbles to dust.
Magic quickly surges around you.
It was a scroll of vulnerability.
Something hits you but does no damage.
The air fills with toxic fumes!
As you read the scroll labelled VIERYN TOMELAH, it crumbles to dust.
It was a scroll of poison.
Something hits you.
* * * LOW HITPOINT WARNING * * *
Something shocks you.
You die...

#.## ##.#
#.## #..#
##§### ,
##§§§§#
###§§###..#
, * * *
##§§### * .#
, , , #@§##
# ,
#§§§§§§{##
#§§§§§§§§ *
, #§§§§§§§§§
* *, , , **
#§§§§§§§§§§
####§§§§§§§§
#§§§§§§§§§*
#§§§§§§§§§#
, , , , ,


There were no monsters in sight!

Vanquished Creatures
  A water moccasin (D:6)
  An ogre (D:5)
  A scorpion (D:5)
  A howler monkey (D:5)
  2 hounds
  3 orc priests (D:4)
  A sleepcap (D:5)
  Terence (D:2)
  2 iguanas (D:5)
  3 gnolls (D:4)
  9 adders
  2 ufetubi
  3 dart slugs
  13 orcs
  6 bats
  2 endoplasms (D:1)
  3 giant cockroaches
  4 goblins
  3 hobgoblins
  4 jackals (D:2)
  3 quokkas
  5 ball pythons
  2 frilled lizards
  6 kobolds
  11 rats
92 creatures vanquished.

Notes
Turn   | Place    | Note
-------+----------+-------------------------------------------
     0 | D:1      | TheCrowQ the Meteoran Fighter began the quest for the Orb.
     0 | D:1      | Reached XP level 1. HP: 19/19 MP: 2/2
    79 | D:1      | Found a faded altar of an unknown god.
    99 | D:1      | Reached XP level 2. HP: 26/26 MP: 3/3
   348 | D:1      | Reached XP level 3. HP: 31/31 MP: 4/4
   485 | D:1      | Glimpsed the power of Zot.
   535 | D:1      | Glimpsed the power of Zot.
   617 | D:2      | Reached skill level 3 in Maces & Flails
   645 | D:2      | Noticed Terence
   656 | D:2      | Killed Terence
   657 | D:2      | Reached skill level 1 in Dodging
   657 | D:2      | Reached XP level 4. HP: 31/40 MP: 0/5
   827 | D:2      | Reached skill level 4 in Maces & Flails
   900 | D:2      | Reached XP level 5. HP: 46/46 MP: 4/6
  1071 | D:2      | Glimpsed the power of Zot.
  1119 | D:2      | Glimpsed the power of Zot.
  1487 | D:3      | Found a hide-covered altar of Uskayaw.
  1641 | D:4      | Reached XP level 6. HP: 35/52 MP: 7/7
  1737 | D:4      | Reached skill level 5 in Maces & Flails
  1784 | D:4      | Gained mutation: You have a somewhat thin skeletal
                  | structure. (Dex +2, Stealth+) [potion of mutation]
  1862 | D:4      | Found a staircase to the Ecumenical Temple.
  1978 | D:4      | Reached skill level 6 in Maces & Flails
  1981 | D:4      | Reached XP level 7. HP: 57/60 MP: 6/8
  2247 | D:4      | Glimpsed the power of Zot.
  2280 | D:5      | Entered Level 5 of the Dungeon
  2320 | D:5      | Reached skill level 5 in Armour
  2443 | D:5      | Reached skill level 1 in Long Blades
  2473 | D:5      | Found a sacrificial altar of Ru.
  2584 | D:5      | Reached XP level 8. HP: 58/67 MP: 7/9
  2790 | D:5      | Found a blossoming altar of Fedhas.
  2835 | D:5      | Glimpsed the power of Zot.
  2962 | D:6      | Reached skill level 5 in Shields
  2965 | D:6      | Slain by a sky beast

Illustrated notes

Levels and vault maps discovered:
D:1:      sevenhm_arrival_forest_fort_small_3, layout_loops_ring,
          ebering_ecumenical_altar_ruins, chequers_serial_rivers_room_b,
          minmay_distorted
D:2:      layout_loops_corners, serial_shops, shop, uniq_terence
D:3:      layout_basic, makhleb_altar_promises_db, mainiacjoe_overflow_alcove_4,
          marbit_many_paths
D:4:      layout_loops_ring, minmay_temple_entry_tees
D:5:      layout_basic, kennysheep_mini_moat, fedhas_altar_decomposition,
          amcnicky_altar_gilded, minmay_misc_feat_columns
D:6:      layout_cave_pods, lemuel_coloured_pillars_altar,
          ebering_ghost_sewer_d, uniq_maggie

Skill      XL: |  1  2  3  4  5  6  7  8 |
---------------+-------------------------+-----
Armour         | 4 5 |  5.6
Maces & Flails | 3 4 6 |  6.3
Dodging        | 1 3 |  3.1
Shields        | 4 5 |  5.0
Fighting       | 4 |  4.7
Long Blades    | 2 3 |  3.1
Stealth        | |  0.4

Action                     |  1- 3 |  4- 6 |  7- 9 || total
---------------------------+-------+-------+-------++-------
  Melee: Flail             |    73 |   128 |       ||   201
         Falchion          |       |     8 |    86 ||    94
    Use: Potion            |       |     4 |     6 ||    10
         Scroll            |       |     2 |     2 ||     4
 Armour: Scale mail        |    43 |    54 |    84 ||   181
         Skin              |       |    47 |       ||    47
  Dodge: Dodged            |    24 |    45 |    57 ||   126
  Block: Buckler           |    19 |    56 |    28 ||   103
